 Dungeon Crawl Stone Soup version 0.30.1 (webtiles) character file.

Game seed: 9833309489183842938

11 Destapler the Chopper (level 2, -2/31 HPs)
             Began as an Ogre Gladiator on July 5, 2023.
             Was a Follower of Cheibriados.
             Slain by a gnoll
             ... wielding a +0 halberd
              (12 damage)
             ... on level 2 of the Dungeon.
             The game lasted 00:01:52 (757 turns).

Destapler the Chopper (Ogre Gladiator)               Turns: 757, Time: 00:01:52

Health: -2/31      AC:  3    Str: 19    XL:     2   Next: 25%
Magic:  2/2        EV: 10    Int: 11    God:    Cheibriados [*.....]
Gold:   93         SH:  0    Dex: 12    Spells: 1/1 levels left

rFire   . . .        a - +0 war axe
rCold   . . .        (no shield)
rNeg    . . .        b - +0 robe
rPois   .            c - +0 hat
rElec   .            (no cloak)
rCorr   .            (gloves unavailable)
SInv    .            (boots unavailable)
Will    .....        (no amulet)
Stlth   +            (no ring)
HPRegen 0.25/turn    (no ring)
MPRegen 0.08/turn

%: no passive effects
@: very slow
A: large, unfitting armour, tough skin 1
a: Renounce Religion, Bend Time


You were on level 2 of the Dungeon.
You worshipped Cheibriados.
Cheibriados was aware of your devotion.
You visited 1 branch of the dungeon, and saw 2 of its levels.

You collected 117 gold pieces.
You spent 24 gold pieces at shops.

Inventory:

Hand Weapons
 a - a +0 war axe (weapon)
Missiles
 d - 3 throwing nets (quivered)
 e - a large rock
 f - 11 javelins
 i - 16 stones
Armour
 b - a +0 robe (worn)
 c - a +0 hat (worn)
Scrolls
 j - a scroll of identify
 k - 2 scrolls of blinking {unknown}
 l - 2 scrolls of immolation {unknown}
 n - a scroll of teleportation {unknown}
Potions
 g - 2 potions of mutation {unknown}
 h - a potion of resistance {unknown}
 m - a potion of ambrosia {unknown}


   Skills:
 + Level 3.1 Fighting
 + Level 3.2 Axes
 - Level 2.0 Throwing
 + Level 2.9 Dodging


You had one spell level left.
You didn't know any spells.
Your spell library contained the following spells:

 Spells                   Type           Power      Damage    Failure   Level
 Necrotise                Necr           0%         1d4       34%         1
 Sting                    Tmut/Pois      0%         1d3       34%         1
 Poisonous Vapours        Pois/Air       0%         N/A       47%         2
 Ozocubu's Armour         Ice            0%         N/A       71%         3
 Vampiric Draining        Necr           0%         2d6       71%         3
 Olgreb's Toxic Radiance  Pois           0%         N/A       98%         4
 Agony                    Necr           0%         N/A       100%        5
 Metabolic Englaciation   Hex/Ice        0%         N/A       100%        5
 Simulacrum               Ice/Necr       0%         N/A       100%        6


Dungeon Overview and Level Annotations

Branches:
Dungeon (2/15)

Altars:
Cheibriados

Shops:
D:1 ?


Innate Abilities, Weirdness & Mutations

You are too large for most types of armour.
You have tough skin. (AC +1)


Message History

(D) Dungeon
Where to? (? - help)
There is a stone staircase leading down here.
You climb downwards.
Found 7 gold pieces and 5 javelins.
There is a stone staircase leading up here.
No target in view!
No target in view!
f - 11 javelins (gained 5)
You now have 93 gold pieces (gained 7).
k - 2 scrolls labelled ZEBID DUASCHIN (gained 1)
i - 16 stones (gained 3)
You open the door.
There is a stone staircase leading up here.
A bat comes into view.
The bat hits you but does no damage.
You slash the bat!
You kill the bat!
Cheibriados thoroughly appreciates the change of pace.
No target in view!
No target in view!
A gnoll comes into view. It is wielding a +0 whip.
A gnoll is nearby!
A gnoll comes into view. It is wielding a +0 halberd.
Found 5 gold pieces.
Found a stone staircase leading down.
The gnoll shouts!
You hear a shout! x3
A gnoll comes into view.
It is wielding a +0 club. 2 goblins come into view.
The goblin shouts!
The gnoll shouts!
You hear a shout!
You hit the gnoll but do no damage. The gnoll hits you with a +0 whip!
Okay, then.
The gnoll hits you from afar with a +0 halberd!
The gnoll hits you with a +0 whip.
* * * LOW HITPOINT WARNING * * *
The gnoll attacks as you move away! The gnoll hits you with a +0 whip.
* * * LOW HITPOINT WARNING * * *
You slash the gnoll!
The gnoll is severely wounded.
The gnoll hits you from afar with a +0 halberd!
You die...

.... #.. ..... ..####+#
.....##+#.......
.....g..........
......g.........
............$...
..........#####
........gg#############
.>......g.@...........#
..###+####............#
. #............#
+............#
#............#
#............#
####............#
#..+............#
#.##............#####


You could see 3 gnolls and 2 goblins.

Vanquished Creatures
  2 bats
  2 endoplasms (D:1)
  A goblin (D:1)
  A hobgoblin (D:1)
  A frilled lizard (D:1)
  2 kobolds (D:1)
9 creatures vanquished.

Notes
Turn   | Place    | Note
-------+----------+-------------------------------------------
     0 | D:1      | Destapler the Ogre Gladiator began the quest for the Orb.
     0 | D:1      | Reached XP level 1. HP: 22/22 MP: 1/1
   207 | D:1      | Found a faded altar of an unknown god.
   214 | D:1      | Prayed at the altar of an unknown god.
   214 | D:1      | Became a worshipper of Cheibriados the Contemplative
   214 | D:1      | Reached * piety under Cheibriados
   390 | D:1      | Reached XP level 2. HP: 31/31 MP: 2/2
   393 | D:1      | Found The Oracle's Delphic Readings.
   397 | D:1      | Bought a scroll of identify for 24 gold pieces
   757 | D:2      | Slain by a gnoll

Illustrated notes

Levels and vault maps discovered:
D:1:      saegor_arrival_miasma, layout_loops_ring,
          hellmonk_ecumenical_altar_heavens_door, minivault_25,
          nicolae_nh_oracle_at_delphi
D:2:      layout_basic, uniq_sigmund, uniq_robin

Skill      XL: |  1 |
---------------+----+-----
Fighting       | 3 |  3.1
Axes           | |  3.2
Throwing       | |  2.0
Dodging        | |  2.9

Action                     || total
---------------------------++-------
  Melee: War axe           ||    15
 Armour: Robe              ||     1
  Dodge: Dodged            ||     5
